 Dungeon Crawl Stone Soup version 0.28.0-53-g5a82cb258f (webtiles) character file.

Game seed: 4061637434226648399

49 Sin92 the Magician (level 3, -6/25 HPs)
             Began as a Demonspawn Hedge Wizard on July 9, 2022.
             Mangled by a gnoll
             ... wielding a +0 spear
              (8 damage)
             ... on level 2 of the Dungeon.
             The game lasted 00:03:28 (2228 turns).

Sin92 the Magician (Demonspawn Hedge Wizard)        Turns: 2228, Time: 00:03:29

Health: -6/25      AC:  4    Str: 10    XL:     3   Next: 53%
Magic:  2/7        EV: 12    Int: 15    God:
Gold:   57         SH:  0    Dex: 14    Spells: 7/8 levels left

rFire   . . .      SeeInvis .   a - +0 dagger
rCold   . . .      Faith    .   i - orb {*channel}
rNeg    . . .      Spirit   .   b - +0 robe
rPois   .          Reflect  .   c - +0 hat
rElec   .          Harm     .   (no cloak)
rCorr   .          Rampage  .   (no gloves)
Will    .....                   (no boots)
Stlth   ++........              (no amulet)
HPRegen 0.08/turn               (no ring)
MPRegen 0.20/turn               (no ring)

@: no status effects
A: thin metallic scales 1, magic regeneration
a: no special abilities


You were on level 2 of the Dungeon.
You visited 1 branch of the dungeon, and saw 2 of its levels.

You collected 57 gold pieces.

Inventory:

Hand Weapons
 a - a +0 dagger (weapon)
Missiles
 d - 2 silver boomerangs
Armour
 b - a +0 robe (worn)
 c - a +0 hat (worn)
 i - an orb of energy (worn)
Scrolls
 f - a scroll of identify {unknown}
 g - a scroll of noise {unknown}
 h - a scroll of holy word {unknown}
 j - a scroll of enchant armour {unknown}
Potions
 e - a potion of invisibility {unknown}


   Skills:
 + Level 0.7 Fighting
 + Level 0.6 Short Blades
 + Level 0.5 Armour
 + Level 2.0 Dodging
 + Level 2.0 Stealth
 + Level 3.2 Spellcasting
 + Level 1.3 Conjurations
 + Level 1.5 Summonings
 + Level 1.3 Translocations


You had 7 spell levels left.
You knew the following spells:

 Your Spells              Type           Power      Damage    Failure   Level
a - Magic Dart            Conj           24%        1d4       12%         1

Your spell library contained the following spells:

 Spells                   Type           Power      Damage    Failure   Level
 Call Imp                 Summ           6%         N/A       16%         2
 Blink                    Tloc           12%        N/A       17%         2
 Slow                     Hex            8%         N/A       21%         1
 Conjure Flame            Conj/Fire      4%         6-21      41%         3
 Mephitic Cloud           Conj/Pois/Air  3%         N/A       45%         3


Dungeon Overview and Level Annotations

Branches:
Dungeon (2/15)

Altars:


Innate Abilities, Weirdness & Mutations

You are partially covered in thin metallic scales. (AC +2)
You regenerate magic rapidly.


Message History

The gnoll barely misses you.
The magic dart hits the gnoll.
The gnoll is heavily wounded.
The gnoll closely misses you.
The magic dart hits the gnoll.
The gnoll is severely wounded.
The gnoll closely misses you. The gnoll misses you.
You hit the gnoll but do no damage.
The gnoll is severely wounded.
The gnoll hits you with a +0 spear.
You barely miss the gnoll.
The gnoll is severely wounded.
The gnoll hits you with a +0 spear.
You closely miss the gnoll.
The gnoll is severely wounded.
A ball python comes into view.
The gnoll hits you with a +0 spear.
You barely miss the gnoll.
The gnoll is severely wounded.
The gnoll closely misses you.
You hit the gnoll but do no damage.
The gnoll is severely wounded.
The gnoll closely misses you.
You hit the gnoll.
The gnoll is almost dead.
The gnoll misses you.
You barely miss the gnoll.
The gnoll is almost dead.
The gnoll hits you with a +0 spear.
* * * LOW HITPOINT WARNING * * *
Your magical contamination has completely faded away.
You barely miss the gnoll.
The gnoll is almost dead.
The gnoll hits you with a +0 spear.
* * * LOW HITPOINT WARNING * * *
You hit the gnoll but do no damage.
The gnoll is almost dead.
The gnoll hits you with a +0 spear!
You die...

#.# ####.##### #.#
#........#
#.######.##.###.#######
.....)...##............
#.#g####.....##.######
#..#.###......#.#
gg###.##.#...##.#
..g#.###.##.###.#######.
###.## #........@.......
###g## ####.####g######.
<....# #'# #S# ###..#
#.# ###..# #.# .....#
#.# ...#.## ..# ......+
... ...#.##


You could see a gnoll and a ball python.

Vanquished Creatures
  A gnoll (D:2)
  An adder (D:2)
  4 ball pythons
  2 bats
  2 giant cockroaches (D:1)
  3 goblins
  5 hobgoblins
  2 quokkas
  A frilled lizard (D:2)
  6 kobolds
  2 rats
29 creatures vanquished.

Notes
Turn   | Place    | Note
-------+----------+-------------------------------------------
     0 | D:1      | Sin92 the Demonspawn Hedge Wizard began the quest for the
                  | Orb.
     0 | D:1      | Reached XP level 1. HP: 13/13 MP: 4/4
   196 | D:1      | Reached skill level 1 in Translocations
   390 | D:1      | Gained mutation: You regenerate magic rapidly. [demonic
                  | ancestry]
   390 | D:1      | Reached XP level 2. HP: 19/19 MP: 0/6
  1398 | D:2      | Gained mutation: You are partially covered in thin metallic
                  | scales. (AC +2) [demonic ancestry]
  1398 | D:2      | Reached XP level 3. HP: 15/25 MP: 3/7
  2228 | D:2      | Mangled by a gnoll

Illustrated notes

Levels and vault maps discovered:
D:1:      noname_arrival_rooms_in_the_neighbourhood, layout_basic
D:2:      layout_loops_corners

Skill      XL: |  1  2  3 |
---------------+----------+-----
Translocations | 1 |  1.3
Stealth        | 2 |  2.0
Dodging        | 2 |  2.0
Fighting       | |  0.7
Short Blades   | |  0.6
Armour         | |  0.5
Spellcasting   | |  3.2
Conjurations   | |  1.3
Summonings     | |  1.5

Action                   || total
-------------------------++-------
Melee: Dagger            ||    31
       Punch             ||     1
 Cast: Magic Dart        ||    77
Armor: Robe              ||     8
Dodge: Dodged            ||    31
